 Dungeon Crawl Stone Soup version 0.26.1 (webtiles) character file.

Game seed: 16145173637558211074

148 pokeman the Magician (level 5, -5/29 HPs)
             Began as a Deep Elf Hedge Wizard on Feb 7, 2021.
             Was an Initiate of Vehumet.
             Killed by nerve-wracking pain
             ... invoked by an orc priest
              (8 damage)
             ... on level 3 of the Dungeon.
             The game lasted 00:06:52 (2799 turns).

pokeman the Magician (Deep Elf Hedge Wizard)        Turns: 2799, Time: 00:06:53

Health: -5/29      AC:  3    Str:  7    XL:     5   Next: 8%
Magic:  0/15       EV: 12    Int: 20    God:    Vehumet [......]
Gold:   129        SH:  0    Dex: 14    Spells: 5/16 levels left

rFire    . . .     SeeInvis .   p - +0 falchion (curse)
rCold    . . .     Faith    .   (no shield)
rNeg     . . .     Spirit   .   k - +0 leather armour
rPois    .         Reflect  .   c - +0 hat
rElec    .         Harm     .   (no cloak)
rCorr    .         Rampage  .   (no gloves)
Will     .....                  (no boots)
Stlth    ++........             (no amulet)
HPRegen  0.09/turn              (no ring)
MPRegen  0.14/turn              (no ring)

@: very slightly contaminated
A: no striking features
a: Renounce Religion


You were on level 3 of the Dungeon.
You worshipped Vehumet.
Vehumet was noncommittal.
You visited 1 branch of the dungeon, and saw 3 of its levels.

You collected 129 gold pieces.

Inventory:

Hand Weapons
 p - a cursed +0 falchion (weapon)
Missiles
 i - 35 bolts
Armour
 c - a +0 hat (worn)
 k - a +0 leather armour (worn)
Jewellery
 b - an uncursed ring of ice
Scrolls
 a - a scroll of teleportation {unknown}
 d - 2 scrolls of remove curse {unknown}
 e - 4 scrolls of identify {unknown}
 f - a scroll of enchant armour {unknown}
 h - a scroll of noise {unknown}
 m - a scroll of amnesia {unknown}
 s - a scroll of enchant weapon {unknown}
Potions
 g - 2 potions of mutation {unknown}
 j - 4 potions of degeneration {unknown}
 l - 2 potions of curing {unknown}
 n - 2 potions of heal wounds {unknown}
 o - a potion of ambrosia {unknown}
 q - 2 potions of magic {unknown}
 r - a potion of invisibility {unknown}
 t - 2 potions of berserk rage {unknown}


   Skills:
 - Level 1.0 Fighting
 - Level 1.1 Armour
 - Level 3.0 Dodging
 + Level 2.4 Stealth
 * Level 6.0 Spellcasting
 + Level 2.5 Conjurations
 - Level 1.1 Summonings
 - Level 1.1 Translocations
 - Level 1.0 Fire Magic
 + Level 0.1 Air Magic


You had 5 spell levels left.
You knew the following spells:

 Your Spells              Type           Power        Failure   Level
a - Magic Dart            Conj           64%          5%          1
b - Mephitic Cloud        Conj/Pois/Air  9%           30%         3
c - Call Imp              Summ           10%          14%         2
d - Blink                 Tloc           N/A          14%         2
e - Conjure Flame         Conj/Fire      13%          22%         3

Your spell library contained the following spells:

 Spells                   Type           Power        Failure   Level
 Slow                     Hex            6%           22%         2


Dungeon Overview and Level Annotations

Branches:
Dungeon (3/15)

Altars:
Kikubaaqudgha
Qazlal
Uskayaw
Vehumet


Message History

Confirm with . or Enter, or press ? or * to list all spells.
The spell is extremely dangerous to cast (30% risk of failure)!
Continue anyway?
Aiming: Mephitic Cloud (extremely dangerous; 30% risk of failure)
Press: ? - help, Shift-Dir - straight line, f/p - orc priest
Aim: an orc priest, wielding a +0 hand axe and wearing a +0 chain mail (lightly wounded) That beam is likely to hit you.
Continue anyway?
You miscast Mephitic Cloud.
Nothing appears to happen.
The orc priest completely misses you.
You aren't carrying any items that you can evoke.
Unknown command.
Unknown command.
Casting: Mephitic Cloud (extremely dangerous; 30% risk of failure)
Confirm with . or Enter, or press ? or * to list all spells.
A beastly little devil appears in a puff of flame.
The orc hits the orc priest but does no damage.
The orc priest calls upon Beogh to heal the orc.
The orc's wounds heal themselves!
The orc priest invokes the aid of Beogh against you.
Pain shoots through your body!
You die...

#.#..##.#.##......#
#.#.......#####.###
#.##.##.##..>...#
#.##.##.##......#
#.......##......# #
####.#####.....## #
#...# #.....# #
#5### ####### # #@#
# #.# # #o# # #.# .
# #)# o.. .#####
#o####..### ......
#....o.oo.# #####
######..#.. #


You could see an orc priest, an orc (confused) and a friendly crimson imp
(summoned).

Vanquished Creatures
  Natasha (thrice) (D:2)
  3 adders (D:2)
  A worm (D:2)
  A leopard gecko (D:3)
  7 orcs
  4 giant cockroaches
  2 goblins
  2 hobgoblins (D:1)
  2 quokkas (D:2)
  5 bats
  3 frilled lizards
  2 kobolds
  5 rats
40 creatures vanquished.

Vanquished Creatures (others)
  2 withered plants (D:2)
2 creatures vanquished.

Grand Total: 42 creatures vanquished

Notes
Turn   | Place    | Note
-------+----------+-------------------------------------------
     0 | D:1      | pokeman the Deep Elf Hedge Wizard began the quest for the
                  | Orb.
     0 | D:1      | Reached XP level 1. HP: 10/10 MP: 7/7
   499 | D:1      | Reached XP level 2. HP: 16/16 MP: 3/9
   897 | D:2      | Found an ancient bone altar of Kikubaaqudgha.
  1002 | D:2      | Noticed Natasha
  1009 | D:2      | Killed Natasha
  1010 | D:2      | Reached skill level 5 in Spellcasting
  1010 | D:2      | Reached XP level 3. HP: 20/20 MP: 2/11
  1014 | D:2      | Learned a level 3 spell: Mephitic Cloud
  1017 | D:2      | Learned a level 2 spell: Call Imp
  1020 | D:2      | Learned a level 2 spell: Blink
  1024 | D:2      | Learned a level 3 spell: Conjure Flame
  1231 | D:2      | Reached skill level 1 in Fighting
  1415 | D:2      | Noticed Natasha
  1429 | D:2      | Killed Natasha
  1430 | D:2      | Reached skill level 1 in Armour
  1430 | D:2      | Reached XP level 4. HP: 25/25 MP: 4/13
  1678 | D:2      | Found a radiant altar of Vehumet.
  1694 | D:2      | Became a worshipper of Vehumet
  2261 | D:2      | Found a hide-covered altar of Uskayaw.
  2282 | D:2      | Noticed Natasha
  2369 | D:2      | Killed Natasha
  2451 | D:3      | Reached skill level 6 in Spellcasting
  2572 | D:3      | Reached skill level 1 in Fire Magic
  2572 | D:3      | Reached XP level 5. HP: 29/29 MP: 7/15
  2694 | D:3      | Found a stormy altar of Qazlal.
  2799 | D:3      | Killed from afar by an orc priest

Illustrated notes

Levels and vault maps discovered:
D:1:      roderic_octagonal_star, layout_rooms
D:2:      layout_basic, lemuel_round_altar, old_standard_altar,
          kiku_gazebo_garden_becter, uniq_natasha
D:3:      layout_loops_cross, bloody_makhleb, lemuel_crystal_altar,
          lemuel_round_altar, lemuel_coloured_pillars_altar

Skill      XL: |  1  2  3  4 |
---------------+-------------+-----
Spellcasting   | 5 6 |  6.0
Fighting       | 1 |  1.0
Conjurations   | 2 |  2.5
Armour         | 1 |  1.1
Dodging        | 3 |  3.0
Fire Magic     | 1 |  1.0
Stealth        | |  2.4
Summonings     | |  1.1
Translocations | |  1.1
Air Magic      | |  0.1

Action                   |  1- 3 |  4- 6 || total
-------------------------+-------+-------++-------
Melee: Falchion          |       |     7 ||     7
 Cast: Magic Dart        |    70 |    62 ||   132
       Mephitic Cloud    |     1 |     3 ||     4
       Call Imp          |       |     1 ||     1
 Stab: Confused          |       |     2 ||     2
Armor: Leather armour    |     2 |     6 ||     8
Dodge: Dodged            |     8 |    18 ||    26
       Rpst.: Falchion   |       |     6 ||     6
